 Dungeon Crawl Stone Soup version 0.30-a0-23-ge60ba3568b (webtiles) character file.

Game seed: 3512004382998922800

1636 chakani the Spear-Bearer (level 8, -19/68 HPs)
             Began as a Merfolk Gladiator on Aug 25, 2022.
             Was a Believer of Okawaru.
             Demolished by a two-headed ogre
             ... wielding a +1 vorpal dire flail
              (22 damage)
             ... on level 6 of the Dungeon.
             The game lasted 00:07:46 (8123 turns).

chakani the Spear-Bearer (Merfolk Gladiator)        Turns: 8123, Time: 00:07:47

Health: -19/68     AC:  8    Str: 18    XL:     8   Next: 98%
Magic:  8/8        EV: 12    Int:  9    God:    Okawaru [**....]
Gold:   290        SH:  0    Dex: 16    Spells: 7/7 levels left

rFire   . . .      SeeInvis .    D - +5 dagger "Beastbane" {venom, Str+4}
rCold   . . .      Faith    .    (no shield)
rNeg    . . .      Spirit   .    m - +0 scale mail
rPois   .          Reflect  .    c - +1 helmet
rElec   .          Harm     .    (no cloak)
rCorr   .          Rampage  .    (no gloves)
Will    .....                    (no boots)
Stlth   ..........               (no amulet)
HPRegen 0.21/turn                (no ring)
MPRegen 0.11/turn                (no ring)

@: no status effects
A: (nimble swimmer 2), mertail
a: Renounce Religion, Heroism


You were on level 6 of the Dungeon.
You worshipped Okawaru.
Okawaru was pleased with you.
You visited 1 branch of the dungeon, and saw 6 of its levels.
You also visited: Ossuary.

You collected 290 gold pieces.

Inventory:

Hand Weapons
 a - a +0 trident
 e - a +0 halberd
 D - the +5 dagger "Beastbane" (weapon) {venom, Str+4}
   (You found it on level 4 of the Dungeon)

   It poisons the flesh of those it strikes.
   Str:       It affects your strength (+4).
Missiles
 d - 3 throwing nets (quivered)
 q - 4 boomerangs
 r - 7 poisoned darts
 s - 6 javelins
 F - 7 curare-tipped darts
Armour
 b - a +0 leather armour
 c - a +1 helmet (worn)
 m - a +0 scale mail (worn)
 w - a +0 ring mail
Jewellery
 u - an amulet of faith
 v - a ring of ice
 E - the ring "Voen" {Int+3 Dex+6}
   (You found it on level 6 of the Dungeon)

   [ring of dexterity]

   Int:       It affects your intelligence (+3).
   Dex:       It affects your dexterity (+6).
Scrolls
 h - a scroll of poison
 i - 8 scrolls of teleportation
 j - 2 scrolls of magic mapping
 p - a scroll of fear
 t - 3 scrolls of blinking
 y - 2 scrolls of immolation
 C - 6 scrolls of amnesia
Potions
 f - 2 potions of degeneration
 g - 3 potions of flight
 k - a potion of berserk rage
 l - a potion of lignification
 n - 2 potions of cancellation
 o - a potion of ambrosia
 x - a potion of attraction
 z - a potion of magic
 A - a potion of haste {unknown}
 B - a potion of might {unknown}


   Skills:
 - Level 8.1 Fighting
 - Level 3.7 Short Blades
 - Level 8.6 Polearms
 - Level 3.4 Throwing
 + Level 6.7 Dodging


You had 7 spell levels left.
You didn't know any spells.
Your spell library contained the following spells:

 Spells                   Type           Power      Damage    Failure   Level
 Sting                    Tmut/Pois      0%         1d3       80%         1
 Poisonous Vapours        Pois/Air       0%         N/A       91%         2
 Static Discharge         Conj/Air       0%         3-3/arc   91%         2
 Dispel Undead            Necr           0%         3d6       100%        4
 Olgreb's Toxic Radiance  Pois           0%         N/A       100%        4
 Sticky Flame             Conj/Fire      0%         2d3       100%        4


Dungeon Overview and Level Annotations

Branches:
Dungeon (6/15)             Temple (0/1) D:6         Ossuary (visited)

Altars:
Hepliaklqana
Okawaru


Innate Abilities, Weirdness & Mutations

((You are very nimble when in or above water. (Stealth+, EV+, Speed+++)))
Your lower body shifts to a powerful aquatic tail in water.


Message History

Aim: a two-headed ogre, wielding a +1 vorpal dire flail and a +0 giant club (heavily wounded, very poisoned, 78% to hit)
Okay, then.
Throw: 9 darts (curare)
Press: ? - help, Shift-Dir - straight line, f - two-headed ogre
Aim: a two-headed ogre, wielding a +1 vorpal dire flail and a +0 giant club (heavily wounded, very poisoned, 78% to hit)
You throw a curare-tipped dart.
The curare-tipped dart completely misses the two-headed ogre.
The two-headed ogre attacks as you move away!
The two-headed ogre closely misses you.
The two-headed ogre hits you with a +0 giant club!
* * * LOW HITPOINT WARNING * * *
Throw: 8 darts (curare)
Press: ? - help, Shift-Dir - straight line, f/p - two-headed ogre
Aim: a two-headed ogre, wielding a +1 vorpal dire flail and a +0 giant club (heavily wounded, very poisoned, 78% to hit)
You throw a curare-tipped dart.
The curare-tipped dart hits the two-headed ogre.
The two-headed ogre looks as sick as possible!
The two-headed ogre convulses.
The two-headed ogre seems to slow down.
The two-headed ogre is severely wounded.
The two-headed ogre is no longer moving slowly.
Throw: 9 darts (poison)
Press: ? - help, Shift-Dir - straight line, f/p - two-headed ogre
Aim: a two-headed ogre, wielding a +1 vorpal dire flail and a +0 giant club (severely wounded, very poisoned, 78% to hit)
You throw a poisoned dart.
The poisoned dart barely misses the two-headed ogre.
You don't have any such object.
Fire/throw/use which item? ([*] to toss any item) (? for menu, Esc to quit)
Throw: 8 darts (poison)
Press: ? - help, Shift-Dir - straight line, f/p - two-headed ogre
Aim: a two-headed ogre, wielding a +1 vorpal dire flail and a +0 giant club (severely wounded, very poisoned, 78% to hit)
You throw a poisoned dart.
The poisoned dart hits the two-headed ogre.
The two-headed ogre looks as sick as possible!
The two-headed ogre is severely wounded.
The two-headed ogre attacks as you move away!
The two-headed ogre hits you with a +1 vorpal dire flail!
* * * LOW HITPOINT WARNING * * *
x2 The two-headed ogre hits you with a +0 giant club!!
You die...

#.##...#.....##.##########.#
######.##.#.#.#.#.##.............
........#...#.#.#.##.############
..####.....<#.#.#.#........#
..####........#.#(#..#####.##
..+.........รท.#.#.#.........#
..#########...#.#.#.........# ..#
#.......#.#O#.........##### ..#
#.........@.#.........<.... ###
#.....#.#...#.........##### ###
#....##.....#.........# ..#
#....##.#...#.........# ..#
#....##.#...#......[..# ..#
#....#####....>.......# ..#
#...........#.........# ..#
#.....###.<.#.........# ..#
#.....###+#.#>........#


You could see a two-headed ogre (extremely poisoned).

Vanquished Creatures
  Menkaure (D:4)
  An ice beast (D:6)
  2 black bears
  An ogre (D:5)
  A phantom (D:5)
  4 elf zombies (Ossuary)
  2 scorpions
  A howler monkey (D:4)
  A jelly (D:6)
  A centaur zombie (Ossuary)
  4 hounds
  An orc priest (D:6)
  2 iguanas
  2 orc wizards (D:5)
  2 mummies (Ossuary)
  8 gnolls
  11 adders
  A white imp (D:6)
  An ufetubus (D:5)
  3 worms
  3 dart slugs
  6 orcs
  10 bats
  8 endoplasms
  4 giant cockroaches
  13 hobgoblins
  4 kobolds
  2 quokkas
  5 ball pythons
  8 frilled lizards
  9 goblins
  8 hobgoblin zombies (Ossuary)
  4 jackal zombies (Ossuary)
  11 kobold zombies (Ossuary)
  7 orc zombies (Ossuary)
  7 rats
  2 rat zombies (Ossuary)
161 creatures vanquished.

Vanquished Creatures (others)
  4 plants (D:5)
4 creatures vanquished.

Grand Total: 165 creatures vanquished

Notes
Turn   | Place    | Note
-------+----------+-------------------------------------------
     0 | D:1      | chakani the Merfolk Gladiator began the quest for the Orb.
     0 | D:1      | Reached XP level 1. HP: 16/16 MP: 1/1
   345 | D:1      | Reached XP level 2. HP: 19/22 MP: 2/2
   553 | D:1      | Reached skill level 5 in Polearms
   834 | D:1      | Reached XP level 3. HP: 24/27 MP: 3/3
  1511 | D:2      | Reached XP level 4. HP: 24/33 MP: 4/4
  2383 | D:2      | Reached XP level 5. HP: 38/38 MP: 5/5
  3350 | D:3      | Found an iron altar of Okawaru.
  3627 | D:3      | Reached XP level 6. HP: 42/44 MP: 6/6
  3762 | D:3      | Became a worshipper of Warmaster Okawaru
  4105 | D:4      | Identified the +5 dagger "Beastbane" {venom, Str+4}
  4140 | D:4      | Noticed Menkaure
  4146 | D:4      | HP: 1/44 [Menkaure/nerve-wracking pain (9)]
  4150 | D:4      | Killed Menkaure
  4151 | D:4      | Reached XP level 7. HP: 2/50 MP: 7/7
  4865 | D:5      | Entered Level 5 of the Dungeon
  4878 | D:5      | Found a sand-covered staircase.
  4961 | Ossuary  | Entered an ossuary
  5610 | Ossuary  | Reached * piety under Okawaru
  5611 | Ossuary  | Reached skill level 5 in Fighting
  5627 | Ossuary  | Reached XP level 8. HP: 50/63 MP: 8/8
  6155 | D:5      | Found a hazy altar of Hepliaklqana.
  6295 | D:5      | Reached ** piety under Okawaru
  7202 | D:6      | Reached skill level 5 in Dodging
  7353 | D:6      | Found a staircase to the Ecumenical Temple.
  7995 | D:6      | Identified the ring "Voen" {Int+3 Dex+6}
  8081 | D:6      | Noticed a two-headed ogre
  8123 | D:6      | HP: 3/68 [two-headed ogre/+1 vorpal dire flail (1)]
  8123 | D:6      | Demolished by a two-headed ogre

Illustrated notes

Levels and vault maps discovered:
D:1:      lemuel_arrival_tunnels, layout_loops_corners, minmay_tromino_v4_b
D:2:      layout_loops_ring, mrwooster_statue_mirror, minmay_quadrilaterals
D:3:      layout_basic, okawaru_gym_becter
D:4:      layout_cave_pools, nicolae_titane, uniq_menkaure
D:5:      layout_gridville, mainiacjoe_overflow_chevrons,
          nicolae_ossuary_entry_ruins
D:6:      layout_basic, minmay_temple_entry_proselytizer

Skill      XL: |  1  2  3  4  5  6  7  8 |
---------------+-------------------------+-----
Polearms       | 5 6 7 8 |  8.6
Throwing       | 3 |  3.4
Short Blades   | 3 |  3.7
Fighting       | 5 8 |  8.1
Dodging        | 6 |  6.7

Action                   |  1- 3 |  4- 6 |  7- 9 || total
-------------------------+-------+-------+-------++-------
Melee: Trident           |   126 |    46 |       ||   172
       Punch             |     1 |       |     5 ||     6
       Halberd           |       |   132 |       ||   132
       Dagger            |       |     4 |   337 ||   341
Throw: Dart              |       |     3 |     4 ||     7
       Throwing net      |       |     3 |       ||     3
       Javelin           |       |     1 |       ||     1
  Use: Potion            |       |     1 |       ||     1
       Scroll            |       |       |    17 ||    17
 Stab: Sleeping          |     2 |       |       ||     2
       Held in net/web   |       |     1 |       ||     1
       Distracted        |       |       |     1 ||     1
Armor: Leather armour    |    16 |       |       ||    16
       Scale mail        |    15 |    80 |    96 ||   191
Dodge: Dodged            |    49 |    89 |   135 ||   273

Table legend: (Time is in decaauts)
 A = Elapsed time spent in this place.
 B = Non-inter-level travel time spent in this place.
 C = Inter-level travel time spent in this place.
 D = Time resting spent in this place.
 E = Time spent auto-exploring this place.
 F = Levels seen in this place.
 G = Mean time per level.
                   A        B        C        D        E       F      G
               +--------+--------+--------+--------+--------+-----+--------+
         Total |   8089 |   7929 |    160 |   1678 |   4900 |   7 | 1155.6 |
       Dungeon |   7346 |   7186 |    160 |   1556 |   4503 |   6 | 1224.3 |
       Ossuary |    743 |    743 |      0 |    122 |    397 |   1 |  743.0 |
               +--------+--------+--------+--------+--------+-----+--------+

Top non-repeatable levels by time:
     D:1: 1702 daAuts
     D:2: 1637 daAuts
     D:5: 1371 daAuts
     D:6: 1080 daAuts
     D:3: 1016 daAuts
 Ossuary: 743 daAuts
     D:4: 537 daAuts
